AoeStats
← Marbas

Arena

507842942Analyzed
1v1 RM · 12d ago on Sep 19, 2026· 30m 32s· 2 players
Game mode
Random Map
Map size
Tiny (2 player)
Population
200
Speed
Normal
Resources
Standard
Victory
Conquest
Starting age
Dark Age
Ending age
Imperial Age
RankedLock teamsTeams togetherTeam positionsShared explorationLock speedFull tech treeHidden civsTurbo modeCheats
Victory
Defeat
🇦🇷 Turks · Argentina
1929
+11
🇷🇺 Slavs · Russia
1811
-11
Marbas
10:26 Feudal Age
11:13 Double-Bit Axe
15:40 Castle Age
13:28 Horse Collar
17:28 Bloodlines
17:45 Bow Saw
19:01 Gold Mining
21:19 Gold Shaft Mining
21:21 Scale Barding Armor
21:30 Loom
22:24 Forging
29:52 Chain Barding Armor
30:19 Wheelbarrow
PNAL | Ciruja
11:08 Feudal Age
15:00 Castle Age
13:00 Double-Bit Axe
13:05 Horse Collar
14:50 Loom
16:03 Bow Saw
17:23 Padded Archer Armor
23:18 Wheelbarrow
30:22 Imperial Age
27:55 Gold Mining
30:21 Leather Archer Armor
Connection lost

Rejoining the realm…

Still unreachable

The connection could not be restored.

Session expired

The server has moved on; the page needs a fresh start.